 Dungeon Crawl Stone Soup version 0.25-a0-302-g9f758675c1 (webtiles) character file.

Game seed: 14670491670486811636, levelgen mode: deterministic

7937 toot the Destroyer (level 11, -4/84 HPs)
             Began as a Pale Draconian Conjurer on Dec 20, 2019.
             Was a Priest of Okawaru.
             Slain by a death yak (16 damage)
             ... on level 9 of the Dungeon.
             The game lasted 00:27:00 (9042 turns).

toot the Destroyer (Pale Draconian Conjurer)        Turns: 9042, Time: 00:27:00

Health: -4/84      AC:  8    Str: 16    XL:     11   Next: 3%
Magic:  21/21      EV: 14    Int: 15    God:    Okawaru [***...]
Gold:   266        SH: 10    Dex: 14    Spells: 14/23 levels left

rFire    . . .     SeeInvis .   I - +5 long sword
rCold    . . .     Gourm    .   u - +0 shield
rNeg     . . .     Faith    .   (armour unavailable)
rPois    .         Spirit   .   (helmet restricted)
rElec    .         Reflect  .   (no cloak)
rCorr    +         Harm     .   o - +0 pair of gloves
MR       +....                  (no boots)
Stlth    ++........             f - amulet of magic regeneration
HPRegen  0.24/turn              z - +1 ring of evasion
MPRegen  0.42/turn              O - ring "Ezuimar" {*Slow MR+ rCorr Str+4}

@: no status effects
A: breathe steam, unfitting armour, cold-blooded, AC +7
a: Breathe Steam, Heroism, Renounce Religion


You were on level 9 of the Dungeon.
You worshipped Okawaru.
Okawaru was most pleased with you.
You were very hungry.

You visited 2 branches of the dungeon, and saw 10 of its levels.

You collected 366 gold pieces.
You spent 100 gold pieces at shops.

Inventory:

Hand Weapons
 e - a +0 club
 i - a +0 dagger of venom
 I - a +5 long sword (weapon)
 J - a +3 trident
Missiles
 n - a throwing net (quivered)
 y - 5 boomerangs of dispersal
 K - 14 poisoned darts
Armour
 o - a +0 pair of gloves (worn)
 u - a +0 shield (worn)
Jewellery
 f - an amulet of magic regeneration (around neck)
 z - a +1 ring of evasion (left hand)
 C - an uncursed amulet of the acrobat {unknown}
 H - an uncursed ring of resist corrosion
 M - a +5 amulet of reflection {unknown}
 O - the ring "Ezuimar" (right hand) {*Slow MR+ rCorr Str+4}
   (You bought it in a shop on level 8 of the Dungeon)

   [ring of resist corrosion]

   It affects your strength (+4).
   It affects your resistance to hostile enchantments.
   It provides partial protection from all sources of acid and corrosion.
   It may slow you when you take damage.
Wands
 l - a wand of flame (49)
 E - a wand of iceblast (6)
 G - a wand of enslavement (9)
 N - a wand of paralysis (5)
Scrolls
 c - a scroll of fog
 g - 2 scrolls of remove curse
 h - a scroll of fear {unknown}
 j - a scroll of enchant weapon {unknown}
 k - 2 scrolls of amnesia {unknown}
 m - 4 scrolls of blinking
 r - a scroll of magic mapping
 x - 2 scrolls of enchant armour {unknown}
 A - a scroll of random uselessness {unknown}
 B - a scroll of immolation {unknown}
Potions
 p - a potion of magic
 t - a potion of haste {unknown}
 v - a potion of might {unknown}
 w - 4 potions of curing
 D - a potion of brilliance {unknown}
 F - a potion of resistance {unknown}
Comestibles
 a - 3 chunks of flesh
 b - 14 rations


   Skills:
 + Level 4.1 Fighting
 - Level 0.2 Short Blades
 + Level 5.7 Dodging
 - Level 1.7 Stealth
 * Level 6.5 Shields
 + Level 6.8 Spellcasting
 + Level 8.7 Conjurations
 * Level 4.7 Hexes
 - Level 5.1 Air Magic
 * Level 4.8 Poison Magic
 * Level 4.4 Invocations
 + Level 2.3 Evocations


You had 14 spell levels left.
You knew the following spells:

 Your Spells              Type           Power        Failure   Level  Hunger
a - Magic Dart            Conj           ####         1%          1    None
b - Searing Ray           Conj           ####..       1%          2    None
c - Fulminant Prism       Conj/Hex       ####......   26%         4    ####...
d - Poisonous Vapours     Pois/Air       ###...       8%          2    None

Your spell library contained the following spells:

 Spells                   Type           Power        Failure   Level  Hunger
 Corona                   Hex            ###....      6%          1    None
 Dazzling Flash           Conj/Hex       ####..       8%          3    ##.....
 Mephitic Cloud           Conj/Pois/Air  ###.....     9%          3    ##.....
 Confuse                  Hex            ###.....     17%         3    ##.....
 Tukima's Dance           Hex            ###.....     17%         3    ##.....
 Conjure Flame            Conj/Fire      ###.....     21%         3    ##.....
 Ensorcelled Hibernation  Hex/Ice        ##....       22%         2    None
 Iskenderun's Mystic Bla  Conj/Tloc      ###.....     54%         4    ####...
 Freezing Cloud           Conj/Ice/Air   ###.......   100%        6    #######
 Ring of Flames           Chrm/Fire      #.........   100%        7    #######


Dungeon Overview and Level Annotations

Branches:
Dungeon (9/15)             Temple (1/1) D:6            Lair (0/6) D:9
    Orc: D:9-12

Altars:
Ashenzari
Cheibriados
Dithmenos
Elyvilon
Fedhas
Gozag
Hepliaklqana
Kikubaaqudgha
Makhleb
Nemelex Xobeh
Okawaru
Qazlal
Ru
Sif Muna
Trog
Uskayaw
Vehumet
Wu Jian
Xom
Yredelemnul
Zin
The Shining One

Shops:
D:6 =   D:8 *

Portals:
Bailey: D:9

Annotations:
D:2 1 runed translucent door, Crazy Yiuf
D:6 2 runed translucent doors, grouchysmurf's ghost, novice HOMo


Innate Abilities, Weirdness & Mutations

You can breathe blasts of scalding, opaque steam.
Your pale cyan-grey scales are hard. (AC +7)
You cannot fit into any form of body armour.
You are cold-blooded and may be slowed by cold attacks.


Message History

The goblin hits you with a +0 hand axe.
* * * LOW HITPOINT WARNING * * *
A goblin comes into view. It is wielding a +0 hand axe.
The goblin moves out of view.
The goblin shouts!
A two-headed ogre comes into view.
It is wielding a +0 giant club and a +0 giant spiked club.
You see here a scroll of identify.
The death yak closely misses you.
You riposte.
You slash the death yak!
The death yak is lightly wounded.
You hear the faint creaking of a portcullis.
Found a flagged portal.
You enter the shallow water.
Moving in this stuff is going to be slow.
The death yak gores you!
* * * LOW HITPOINT WARNING * * *
The death yak barely misses you.
You riposte.
You hit the death yak.
The death yak is lightly wounded.
There is a flagged portal here.
The death yak gores you!
You die...

..#..........#........#
.##....#..#..#........#
..#...##......#......##
.......##....#........#
......†.)[............#
..$.##††....?o≈≈Y≈Yg..#
....(..)..##.≈#####≈..#
..##.)...###.≈#...#≈..#
.....##.## #.≈#.@YO≈..#
.....#### #o≈#...#≈..#
.....# #go#####≈.##
Y..### #.o≈≈≈≈≈≈.# o.##
#.........# #######
#####.##### ###.#.#
#.o# ##....#########.##
)o........YoY.Y$#


You could see a death yak and a two-headed ogre.

Vanquished Creatures
  A manticore (D:9)
  2 hippogriffs
  A wyvern (D:8)
  A hungry ghost (D:7)
  Edmund (D:4)
  A water moccasin (D:9)
  An ice beast (D:5)
  5 ogres
  A phantom (D:8)
  A sky beast (D:6)
  5 centaurs
  A big kobold (D:9)
  2 bullfrogs
  2 scorpions
  12 wights
  3 howler monkeys
  A crimson imp (D:6)
  A centaur zombie (D:5)
  2 bullfrog zombies
  5 hounds
  3 orc priests
  6 orc wizards
  A centaur skeleton (D:7)
  Jessica (D:2)
  Natasha (thrice) (D:2)
  An iguana (D:6)
  5 worker ants
  3 hell rats (D:9)
  A hound zombie (D:6)
  2 hound skeletons
  A worker ant zombie (D:5)
  7 gnolls
  A howler monkey skeleton (D:4)
  12 adders
  A river rat (D:9)
  4 shadow imps
  2 oozes
  2 adder zombies
  2 adder skeletons (D:4)
  2 worms (D:2)
  A dart slug (D:1)
  6 leopard geckos
  21 orcs
  2 giant cockroaches
  9 goblins
  5 hobgoblins
  11 jackals
  17 kobolds
  4 quokkas
  5 bats
  11 frilled lizards
  A leopard gecko zombie (D:5)
  7 rats
  A spectral orc (D:5)
  A fungus (D:2)
211 creatures vanquished.

Notes
Turn   | Place    | Note
-------+----------+-------------------------------------------
     0 | D:1      | toot the Draconian Conjurer began the quest for the Orb.
     0 | D:1      | Reached XP level 1. HP: 14/14 MP: 3/3
   312 | D:1      | Reached XP level 2. HP: 20/20 MP: 0/5
   369 | D:1      | Learned a level 2 spell: Searing Ray
   752 | D:1      | Reached XP level 3. HP: 26/26 MP: 1/6
  1233 | D:2      | Noticed Jessica
  1235 | D:2      | Killed Jessica
  1235 | D:2      | Reached skill level 5 in Conjurations
  1335 | D:2      | Reached XP level 4. HP: 33/33 MP: 2/7
  1427 | D:2      | Found an ancient bone altar of Kikubaaqudgha.
  1468 | D:2      | Found a sparkling altar of Nemelex Xobeh.
  1469 | D:2      | Noticed Natasha
  1475 | D:2      | Killed Natasha
  1667 | D:2      | Noticed Natasha
  1676 | D:2      | Killed Natasha
  1933 | D:2      | Reached XP level 5. HP: 38/38 MP: 1/9
  2052 | D:2      | Noticed Natasha
  2064 | D:2      | HP: 1/38 [crimson imp[Natasha] (3)]
  2071 | D:2      | Killed Natasha
  2799 | D:2      | Found a runed translucent door.
  2800 | D:2      | Noticed Crazy Yiuf
  2893 | D:3      | Reached skill level 6 in Conjurations
  2942 | D:3      | Learned a level 4 spell: Fulminant Prism
  3004 | D:3      | Found a radiant altar of Vehumet.
  3694 | D:4      | Reached XP level 6. HP: 42/46 MP: 3/11
  4019 | D:4      | Noticed Edmund
  4044 | D:4      | Killed Edmund
  4044 | D:4      | Reached skill level 1 in Shields
  4780 | D:5      | Entered Level 5 of the Dungeon
  4830 | D:5      | Reached skill level 1 in Fighting
  4832 | D:5      | Your scales start taking on a pale cyan-grey colour.
  4832 | D:5      | Reached XP level 7. HP: 52/52 MP: 5/12
  5410 | D:5      | Reached skill level 7 in Conjurations
  5447 | D:5      | Found a bloodstained altar of Trog.
  5909 | D:5      | Found an opulent altar of Gozag.
  5909 | D:5      | Found an ornate altar of the Wu Jian Council.
  5942 | D:5      | Found a basalt altar of Yredelemnul.
  6020 | D:5      | Reached XP level 8. HP: 48/61 MP: 10/15
  6264 | D:6      | Found Jamnax's Jewellery Boutique.
  6338 | D:6      | Reached skill level 5 in Spellcasting
  6454 | D:6      | Reached skill level 1 in Hexes
  6505 | D:6      | Learned a level 2 spell: Poisonous Vapours
  6528 | D:6      | Found a staircase to the Ecumenical Temple.
  6546 | Temple   | Entered the Ecumenical Temple
  6794 | Temple   | Became a worshipper of Warmaster Okawaru
  6914 | D:6      | Found a hazy altar of Hepliaklqana.
  6950 | D:6      | Found a large runed translucent door.
  6950 | D:6      | Found a large runed translucent door.
  6950 | D:6      | Noticed grouchysmurf's ghost (novice HOMo)
  7223 | D:7      | Reached skill level 1 in Air Magic
  7223 | D:7      | Reached skill level 1 in Poison Magic
  7239 | D:7      | Found an opulent altar of Gozag.
  7326 | D:7      | Reached * piety under Okawaru
  7337 | D:7      | Reached XP level 9. HP: 68/68 MP: 8/17
  7863 | D:7      | Reached ** piety under Okawaru
  8129 | D:8      | Reached skill level 8 in Conjurations
  8217 | D:8      | Reached skill level 1 in Invocations
  8423 | D:8      | Reached skill level 5 in Shields
  8638 | D:8      | Found Pellen's Assorted Antiques.
  8649 | D:8      | Bought a crude iron ring for 100 gold pieces
  8654 | D:8      | Reached skill level 5 in Dodging
  8654 | D:8      | Reached skill level 5 in Air Magic
  8654 | D:8      | Reached XP level 10. HP: 78/78 MP: 18/20
  8656 | D:8      | Identified the ring "Ezuimar" {*Slow MR+ rCorr Str+4} (You
                  | bought it in a shop on level 8 of the Dungeon)
  8914 | D:9      | Reached *** piety under Okawaru
  8959 | D:9      | Noticed a manticore
  8970 | D:9      | Killed a manticore
  8970 | D:9      | Reached XP level 11. HP: 10/84 MP: 16/21
  8983 | D:9      | Noticed a death yak
  8983 | D:9      | Noticed a death yak
  8986 | D:9      | Noticed a death yak
  8991 | D:9      | HP: 4/84 [spriggan baker/+0 dagger (7)]
  8995 | D:9      | HP: 1/84 [orc/+0 mace (4)]
  9027 | D:9      | Noticed a two-headed ogre
  9037 | D:9      | Found a flagged portal.
  9042 | D:9      | Slain by a death yak

Levels and vault maps discovered:
D:1:      dpeg_arrival_chase, layout_loops_ring
D:2:      layout_basic, chequers_temple_overflow_statue_of_worship,
          minmay_tromino_v4_b, uniq_natasha, uniq_jessica,
          uniq_crazy_yiuf_cottage
D:3:      layout_loops_ring, lemuel_doored_altar, minmay_tree_intersection
D:4:      layout_basic, first_ration, uniq_edmund
D:5:      layout_basic, yredelemnul_forgotten_temple_becter,
          nicolae_overflow_crystal_walls, gammafunk_temple_overflow_elements,
          grunt_decor_clamped, kennysheep_generic_room_10
D:6:      layout_rooms, old_standard_altar, minmay_temple_entry_waves,
          serial_shops, shop, ebering_ghost_disaster_area,
          minmay_misc_feat_four_crosses
D:7:      layout_basic, basic_altar
D:8:      layout_loops_cross, serial_shops, nicolae_shop_window_shopping
D:9:      layout_cave_pools, dpeg_lair_monsters, basic_altar, enter_bailey_3,
          special_room [special_room_orc], the_bakery
Temple:   minmay_temple_curvy_branch

Skill      XL: |  1  2  3  4  5  6  7  8  9 10 |
---------------+-------------------------------+-----
Conjurations   | 5 6 7 8 |  8.7
Dodging        | 2 3 4 5 |  5.7
Spellcasting   | 3 4 5 6 |  6.8
Shields        | 1 3 4 6 |  6.5
Fighting       | 1 2 3 4 |  4.1
Hexes          | 2 4 |  4.7
Air Magic      | 1 5 |  5.1
Poison Magic   | 1 4 |  4.8
Invocations    | 4 |  4.4
Evocations     | 2 |  2.3
Short Blades   | |  0.2
Stealth        | |  1.7

Action                   |  1- 3 |  4- 6 |  7- 9 | 10-12 || total
-------------------------+-------+-------+-------+-------++-------
Melee: Dagger            |     6 |    95 |    26 |       ||   127
       Tailslap          |     1 |    12 |     6 |     8 ||    27
       Long sword        |       |       |    20 |    41 ||    61
 Cast: Magic Dart        |    56 |   121 |   111 |     9 ||   297
       Searing Ray       |     2 |     5 |    36 |     6 ||    49
Invok: Heroism           |       |       |       |     2 ||     2
 Abil: Breathe Steam     |       |       |    19 |     3 ||    22
  Use: Potion            |       |     3 |     1 |     3 ||     7
       Scroll            |       |       |     5 |     3 ||     8
 Stab: Sleeping          |       |     1 |     2 |       ||     3
  Eat: Chunk             |     2 |    12 |    15 |       ||    29
Armor: Skin              |     1 |    29 |    19 |    15 ||    64
Dodge: Dodged            |     9 |    77 |    59 |    66 ||   211
Block: Shield            |       |    13 |    46 |    62 ||   121
       Rpst.: Long sword |       |       |    10 |    23 ||    33

Table legend:
 A = Non-vault XP
 B = Vault XP
 C = Vault XP percentage of total XP
 D = Non-vault monster count
 E = Vault monster count
 F = Vault count percentage of total count
                 A         B        C        D         E       F
            +---------+---------+-------+---------+---------+-------
      Total |    5979 |     497 |   7.7 |     195 |      15 |   7.1
            +---------+---------+-------+---------+---------+-------
        D:1 |      52 |       0 |   0.0 |      27 |       0 |   0.0
        D:2 |     144 |      87 |  37.7 |      22 |       4 |  15.4
        D:3 |      73 |       0 |   0.0 |      24 |       0 |   0.0
        D:4 |     130 |     171 |  56.8 |      12 |       1 |   7.7
        D:5 |     739 |     119 |  13.9 |      23 |       2 |   8.0
        D:6 |     713 |       0 |   0.0 |      17 |       0 |   0.0
        D:7 |    1520 |       0 |   0.0 |      30 |       0 |   0.0
        D:8 |    1320 |       0 |   0.0 |      19 |       0 |   0.0
        D:9 |    1288 |     120 |   8.5 |      21 |       8 |  27.6
            +---------+---------+-------+---------+---------+-------
